 Dungeon Crawl Stone Soup version 0.24-a0-447-ge8da9206dc (webtiles) character file.

Game seed: 14410951722069336621

97 Krouwed the Sneak (level 4, -3/27 HPs)
             Began as a Vampire Assassin on June 25, 2019.
             Slain by an orc
             ... wielding a +0 falchion
              (4 damage)
             ... on level 3 of the Dungeon.
             The game lasted 00:05:23 (1791 turns).

Krouwed the Sneak (Vampire Assassin)                Turns: 1791, Time: 00:05:23

Health: -3/27      AC:  4    Str: 11    XL:     4   Next: 42%
Magic:  4/4        EV: 12    Int: 13    God:
Gold:   134        SH:  0    Dex: 15    Spells: 3/3 levels left

rFire    . . .     SeeInvis +   a - +2 dagger
rCold    + + .     Gourm    .   (no shield)
rNeg     + + +     Faith    .   n - +0 leather armour
rPois    ∞         Spirit   .   (no helmet)
rElec    .         Reflect  .   c - +0 cloak
rCorr    .         Harm     .   (no gloves)
MR       .....                  (no boots)
Stlth    +++++.....             (no amulet)
HPRegen  0.00/turn              (no ring)
MPRegen  0.09/turn              (no ring)

@: bloodless, regenerating quickly
A: no food, fangs 3, see invisible, unbreathing
a: Bat Form, Revivify


You were on level 3 of the Dungeon.
You were bloodless.

You visited 1 branch of the dungeon, and saw 3 of its levels.

You collected 134 gold pieces.

Inventory:

Hand Weapons
 a - a +2 dagger (weapon)
Missiles
 d - 5 poisoned darts
 e - 2 curare-tipped darts
 l - 6 boomerangs (quivered)
Armour
 c - a +0 cloak (worn)
 n - a +0 leather armour (worn)
Jewellery
 i - an uncursed ring of ice {unknown}
 j - an uncursed ring of resist corrosion {unknown}
Scrolls
 f - 2 scrolls of fog {unknown}
 g - 9 scrolls of identify {unknown}
 h - 2 scrolls of blinking {unknown}
 m - a scroll of enchant armour {unknown}
 o - a scroll of teleportation {unknown}
Potions
 b - a potion of cancellation {unknown}
 k - a potion of magic {unknown}
 p - a potion of curing {unknown}


   Skills:
 + Level 2.5 Fighting
 + Level 2.9 Short Blades
 + Level 2.2 Throwing
 + Level 2.2 Dodging
 + Level 6.6 Stealth


You had 3 spell levels left.
You didn't know any spells.
Your spell library was empty.

Dungeon Overview and Level Annotations

Branches:
Dungeon (3/15)

Altars:
Dithmenos
Xom


Innate Abilities, Weirdness & Mutations

You do not eat.
You do not regenerate when monsters are visible.
You are frail without blood (-20% HP).
You are immune to poison.
You have razor-sharp teeth.
You have supernaturally acute eyesight. (SInv)
You can survive without breathing.


Message History

You throw a boomerang. The boomerang barely misses the orc.
The orc closely misses you. The orc hits you but does no damage.
The orc misses you.
Throwing (i - inventory. (/) - cycle)
l - 6 boomerangs (quivered)
Press: ? - help, Shift-Dir - straight line, f/p - orc
Aim: an orc, wielding a +0 war axe and wearing a +0 leather armour (almost dead)
You throw a boomerang.
The boomerang hits the orc but does no damage.
The orc is almost dead.
The orc barely misses you. The orc hits you with a +0 flail!
* * * LOW HITPOINT WARNING * * *
The orc misses you.
Throwing (i - inventory. (/) - cycle)
l - 6 boomerangs (quivered)
Press: ? - help, Shift-Dir - straight line, f/p - orc
Aim: an orc, wielding a +0 war axe and wearing a +0 leather armour (almost dead)
You throw a boomerang.
The boomerang hits the orc but does no damage.
The orc is almost dead.
The orc hits you with a +0 falchion.
You die...

#.#.### #....# #.#.# #....#
#.#.# ###### #.#.# #######
#.#.# ......# #.#.########
#####.# ####.#......... #.#
#...o.....########## #.#
#..@o.....'....).)..
#.########...o.....##########
#.##...).........###
##'##.##......###.#
#.............+...#
####.<...........#####
...'.............#
####.............#
.........#.#######


You could see 3 orcs.

Vanquished Creatures
  4 adders
  3 oozes
  A worm (D:2)
  2 leopard geckos (D:3)
  3 orcs (D:3)
  2 giant cockroaches (D:3)
  5 goblins
  3 hobgoblins
  6 kobolds
  A ball python (D:2)
  4 bats (D:1)
  4 frilled lizards
  10 rats
  A toadstool (D:1)
49 creatures vanquished.

Vanquished Creatures (others)
  3 toadstools (D:1)
3 creatures vanquished.

Grand Total: 52 creatures vanquished

Notes
Turn   | Place    | Note
-------+----------+-------------------------------------------
     0 | D:1      | Krouwed the Vampire Assassin began the quest for the Orb.
     0 | D:1      | Reached XP level 1. HP: 16/16 MP: 1/1
   109 | D:1      | Found a shimmering altar of Xom.
   173 | D:1      | Reached skill level 6 in Stealth
   231 | D:1      | Reached XP level 2. HP: 21/22 MP: 2/2
   400 | D:1      | You fall into a shaft and drop 1 floor!
   438 | D:2      | Reached XP level 3. HP: 25/27 MP: 3/3
   559 | D:2      | Found a shadowy altar of Dithmenos.
  1506 | D:3      | Reached XP level 4. HP: 27/27 MP: 4/4
  1789 | D:3      | HP: 1/27 [orc/+0 flail (9)]
  1791 | D:3      | Slain by an orc

Levels and vault maps discovered:
D:1:      ldierk_water_garden, layout_basic, minmay_stone_trees_small,
          xom_teletrap_fun
D:2:      layout_basic, chequers_serial_rivers_micro_b, minivault_19,
          grunt_dithmenos_smoke_and_mirrors
D:3:      layout_basic

Skill      XL: |  1  2  3 |
---------------+----------+-----
Stealth        | 6 |  6.6
Fighting       | 2 |  2.5
Throwing       | 2 |  2.2
Dodging        | 2 |  2.2
Short Blades   | |  2.9

Action                   |  1- 3 |  4- 6 || total
-------------------------+-------+-------++-------
Melee: Dagger            |    71 |     9 ||    80
       Bite              |     2 |     1 ||     3
Throw: Dart              |    34 |       ||    34
       Boomerang         |     2 |    30 ||    32
 Abil: Exsanguinate      |     1 |       ||     1
 Stab: Sleeping          |     6 |     1 ||     7
Armor: Robe              |     2 |       ||     2
       Leather armour    |     4 |     2 ||     6
Dodge: Dodged            |    34 |    16 ||    50

Table legend:
 A = Non-vault XP
 B = Vault XP
 C = Vault XP percentage of total XP
 D = Non-vault monster count
 E = Vault monster count
 F = Vault count percentage of total count
                 A         B        C        D         E       F
            +---------+---------+-------+---------+---------+-------
      Total |     139 |       0 |   0.0 |      48 |       0 |   0.0
            +---------+---------+-------+---------+---------+-------
        D:1 |      29 |       0 |   0.0 |      18 |       0 |   0.0
        D:2 |      55 |       0 |   0.0 |      13 |       0 |   0.0
        D:3 |      55 |       0 |   0.0 |      17 |       0 |   0.0
            +---------+---------+-------+---------+---------+-------
